 Dungeon Crawl Stone Soup version 0.23.1-37-gaa34b87 (webtiles) character file.

Game seed: 8362599948124435187

2614 Irenicus the Geomancer (level 9, -2/68 HPs)
             Began as a Deep Dwarf Earth Elementalist on Mar 23, 2019.
             Was an Initiate of Makhleb.
             Killed by divine providence
             ... invoked by an orc priest
              (13 damage)
             ... on level 6 of the Dungeon.
             The game lasted 00:25:55 (3307 turns).

Irenicus the Geomancer (DDEE)                       Turns: 3307, Time: 00:25:55

Health: -2/68      AC:  5    Str: 11    XL:     9   Next: 34%
Magic:  3/15       EV: 12    Int: 23    God:    Makhleb [......]
Gold:   265        SH:  0    Dex: 13    Spells: 1/16 levels left

rFire    . . .     SeeInvis .   f - +3 short sword (freeze)
rCold    . . .     Gourm    .   (no shield)
rNeg     . . .     Faith    .   l - +0 leather armour
rPois    .         Spirit   .   (no helmet)
rElec    .         Reflect  .   o - +0 cloak
rCorr    .         Harm     .   (no gloves)
MR       +....                  p - +0 pair of boots
Stlth    +++.......             (no amulet)
HPRegen  0.00/turn              u - +3 ring of intelligence
MPRegen  0.14/turn              (no ring)

@: non-regenerating, studying Bows
A: damage resistance, heal wounds, sense surroundings 2, no regeneration
a: Heal Wounds, Renounce Religion


You were on level 6 of the Dungeon.
You worshipped Makhleb.
Makhleb was noncommittal.
You were hungry.

You visited 1 branch of the dungeon, and saw 6 of its levels.
You also visited: Ossuary.

You collected 265 gold pieces.

Inventory:

Hand Weapons
 f - a +3 short sword of freezing (weapon)
   (You took it off a kobold on level 1 of the Dungeon)
 j - a +0 dagger of venom
   (You found it on level 2 of the Dungeon)
Missiles
 b - 7 stones (quivered)
 q - a throwing net {=f, !d}
Armour
 l - a +0 leather armour (worn)
   (You found it on level 2 of the Dungeon)
 o - a +0 cloak (worn)
   (You took it off Crazy Yiuf on level 2 of the Dungeon)
 p - a +0 pair of boots (worn)
   (You found it on level 3 of the Dungeon)
 t - a +3 plate armour
   (You took it off an orc warrior on level 5 of the Dungeon)
Jewellery
 u - a +3 ring of intelligence (left hand)
   (You found it on level 5 of the Dungeon)
Scrolls
 a - 2 scrolls of teleportation
 c - a scroll of blinking {unknown}
 e - 2 scrolls of enchant armour {unknown}
 g - 2 scrolls of remove curse
 k - a scroll of brand weapon {unknown}
 m - a scroll of acquirement {unknown}
 r - 3 scrolls of immolation {unknown}
 s - a scroll of fear {unknown}
 v - a scroll of amnesia {unknown}
Potions
 h - 5 potions of curing
 n - 2 potions of cancellation
 w - 3 potions of flight
 x - a potion of might
 z - 2 potions of haste
Books
 i - a manual of Bows {!d}
   (You found it on level 5 of the Dungeon)
Comestibles
 d - 6 rations


   Skills:
 - Level 3.0 Short Blades
 - Level 2.1 Dodging
 - Level 6.0 Stealth
 + Level 4.2 Spellcasting
 + Level 1.8 Conjurations
 - Level 0.8 Transmutations
 - Level 13.3 Earth Magic


You had one spell level left.
You knew the following spells:

 Your Spells              Type           Power        Failure   Level  Hunger
a - Sandblast             Erth           ######       1%          1    None
c - Petrify               Tmut/Erth      #####...     7%          4    ####...
w - Passwall              Tmut/Erth      #####...     1%          2    #......
x - Stone Arrow           Conj/Erth      #####.       1%          3    ##.....
z - Lee's Rapid Deconstr  Erth           ######....   1%          5    ######.

Your spell library contained the following spells:

 Spells                   Type           Power        Failure   Level  Hunger
 Confusing Touch          Hex            #.....       14%         1    None
 Confuse                  Hex            #.......     38%         3    ##.....
 Gell's Gravitas          Tloc           #.........   38%         3    ##.....
 Yara's Violent Unravell  Hex/Tmut       #.........   97%         5    ######.
 Metabolic Englaciation   Hex/Ice        #.........   98%         5    ######.


Dungeon Overview and Level Annotations

Branches:
Dungeon (6/15)
 Temple: D:4-7

Altars:
Ashenzari
Dithmenos
Makhleb
Xom
The Shining One


Innate Abilities, Weirdness & Mutations

You are resistant to damage.
You can heal yourself by infusing magical energy.
You passively map the area around you.
You do not regenerate.


Message History

* * * LOW HITPOINT WARNING * * *
You take 5 damage, and have 20/68 hp.
Aim: a sky beast The blast of sand hits the sky beast!!
b - 16 stones The sky beast misses you.
You now have 8/14 mp.
Aim: a sky beast (severely wounded)
The blast of sand misses the sky beast.
b - 15 stones The sky beast hits you.
* * * LOW HITPOINT WARNING * * *
The sky beast shocks you.
* * * LOW HITPOINT WARNING * * *
You take 5 damage, and have 15/68 hp.
You now have 7/14 mp.
Aim: a sky beast (severely wounded)
The blast of sand hits the sky beast!!
You kill the sky beast!
Makhleb accepts your kill.
Your Spellcasting skill increases to level 4!
Your Conjurations skill increases to level 1!
b - 14 stones You now have 6/15 mp.
You see here a sky beast corpse.
A bullfrog and 2 orcs come into view.
The orc shouts!
The bullfrog gives a loud, deep croak!
You hear a shout!
An orc warrior comes into view. It is wielding a +0 long sword.
An orc comes into view. It is wielding a +0 dagger.
The bullfrog barely misses you.
You hear a shout!
Aim: a bullfrog The blast of sand hits the bullfrog!
b - 13 stones The bullfrog hits you.
* * * LOW HITPOINT WARNING * * *
You take 4 damage, and have 11/68 hp.
You now have 6/15 mp.
Aim: a bullfrog (heavily wounded)
The blast of sand hits the bullfrog!!
You kill the bullfrog!
Makhleb accepts your kill.
b - 12 stones You now have 5/15 mp.
Aim: an orc, wearing a +0 scale mail The blast of sand hits the orc!
You kill the orc!
Makhleb accepts your kill.
b - 11 stones You now have 4/15 mp.
Aim: an orc, wielding a +0 dagger and wearing a +0 leather armour The blast of sand misses the orc.
b - 10 stones You hear a shout!
An ice beast comes into view.
Aim: an orc warrior, wielding a +0 long sword and wearing a +0 chain mail (chance to defeat MR: 65%)
Okay, then.
You see here a sky beast corpse.
You aren't carrying any items that you can evoke.
Okay, then.
Aim: an orc, wielding a +0 dagger and wearing a +0 leather armour The blast of sand hits the orc!
You kill the orc!
Makhleb accepts your kill.
b - 9 stones You now have 5/15 mp.
Aim: an orc warrior, wielding a +0 long sword and wearing a +0 chain mail (chance to defeat MR: 65%)
The orc warrior is moving more slowly.
You now have 1/15 mp.
You are feeling hungry.
The orc warrior stops moving altogether!
Aim: an orc, wielding a +0 hand axe The blast of sand hits the orc!!
You kill the orc!
Makhleb accepts your kill.
b - 8 stones You now have 1/15 mp.
The helpless orc warrior fails to defend itself.
You puncture the orc warrior! You freeze the orc warrior.
The helpless orc warrior fails to defend itself.
You impale the orc warrior!! You freeze the orc warrior.
The helpless orc warrior fails to defend itself.
You puncture the orc warrior! You freeze the orc warrior.
The helpless orc warrior fails to defend itself.
You impale the orc warrior!! You freeze the orc warrior.
You kill the orc warrior!
Makhleb accepts your kill.
Things that are here:
a +0 long sword; a +0 chain mail; an orc corpse Memorise Lee's Rapid Deconstruction, consuming 5 spell levels and leaving 1?
You start memorising the spell.
You continue memorising. x5
You finish memorising.
Spell assigned to 'z'.
Things that are here:
a +0 dagger; a +0 leather armour An orc priest comes into view.
It is wielding a +0 club.
Aim: an orc priest, wielding a +0 club (hasn't noticed you)
The blast of sand hits the orc priest!
The orc priest shouts!
b - 7 stones The orc priest calls down the wrath of Beogh upon you.
Beogh smites you!
You die...

. #.[.# .., #.)####.# ,*
##### *## #.).....#
,*###############.#######
, #....o.......$#)#
*#[o.o.##.##.# ,
#.###o##.##.# * #,
#.##.##.# , #†##.##.# ,
#..o..@.# * #........####
, ########## , * ,*


You could see an orc priest.

Vanquished Creatures
  Grinder (D:4)
  2 orc warriors
  A sky beast (D:6)
  5 ogres
  3 bullfrogs (D:6)
  A wyvern zombie (D:6)
  2 scorpions (D:4)
  4 wights (D:6)
  2 crimson imps
  3 centaur zombies (Ossuary)
  4 bullfrog zombies
  2 orc priests (D:5)
  Crazy Yiuf (D:2)
  2 hounds
  Jessica (D:2)
  Ijyb (D:3)
  2 worker ants
  Natasha (twice) (D:2)
  2 killer bee zombies (Ossuary)
  2 hound zombies (Ossuary)
  13 mummies (Ossuary)
  A worker ant zombie (Ossuary)
  A howler monkey zombie (Ossuary)
  5 gnolls
  6 adders
  5 oozes
  5 adder zombies (Ossuary)
  An adder skeleton (D:6)
  3 worms
  4 dart slugs
  2 leopard geckos
  15 orcs
  10 bats
  4 giant cockroaches
  5 goblins
  12 hobgoblins
  17 jackals
  3 quokkas
  5 frilled lizards
  2 giant cockroach zombies (Ossuary)
  10 kobolds
  A leopard gecko zombie (Ossuary)
  2 quokka zombies
  4 rats
  A rat zombie (D:5)
180 creatures vanquished.

Vanquished Creatures (others)
  2 withered plants (Ossuary)
2 creatures vanquished.

Grand Total: 182 creatures vanquished

Notes
Turn   | Place    | Note
-------+----------+-------------------------------------------
     0 | D:1      | Irenicus the Deep Dwarf Earth Elementalist began the quest
                  | for the Orb.
     0 | D:1      | Reached XP level 1. HP: 15/15 MP: 3/3
    75 | D:1      | Reached skill level 2 in Spellcasting
   113 | D:1      | Reached XP level 2. HP: 20/22 MP: 3/5
   194 | D:1      | Reached skill level 5 in Earth Magic
   223 | D:1      | Learned a level 2 spell: Passwall
   318 | D:1      | Reached XP level 3. HP: 13/28 MP: 2/6
   623 | D:2      | Noticed Natasha
   643 | D:2      | Killed Natasha
   643 | D:2      | Reached skill level 6 in Earth Magic
   643 | D:2      | Reached XP level 4. HP: 14/36 MP: 0/7
   651 | D:2      | Noticed Jessica
   656 | D:2      | Killed Jessica
   748 | D:2      | Reached skill level 7 in Earth Magic
   961 | D:2      | Noticed Natasha
   965 | D:2      | Killed Natasha
   965 | D:2      | Reached XP level 5. HP: 14/42 MP: 5/8
  1053 | D:2      | Found a runed translucent door.
  1054 | D:2      | Noticed Crazy Yiuf
  1059 | D:2      | Killed Crazy Yiuf
  1059 | D:2      | Reached skill level 1 in Short Blades
  1059 | D:2      | Reached skill level 3 in Stealth
  1293 | D:3      | Noticed Ijyb
  1305 | D:3      | Killed Ijyb
  1622 | D:3      | Reached skill level 8 in Earth Magic
  1622 | D:3      | Reached XP level 6. HP: 17/49 MP: 6/9
  1664 | D:4      | Noticed Grinder
  1675 | D:4      | Killed Grinder
  1675 | D:4      | Reached skill level 2 in Short Blades
  1675 | D:4      | Reached skill level 4 in Stealth
  1679 | D:4      | Reached skill level 9 in Earth Magic
  1679 | D:4      | Reached XP level 7. HP: 15/55 MP: 1/10
  1705 | D:4      | HP: 13/55 [worker ant (2)]
  1850 | D:4      | Reached skill level 5 in Stealth
  1862 | D:4      | Reached skill level 3 in Short Blades
  1956 | D:4      | Found a glowing golden altar of the Shining One.
  1981 | D:4      | Reached skill level 10 in Earth Magic
  1991 | D:4      | Reached skill level 6 in Stealth
  1991 | D:4      | Reached XP level 8. HP: 23/62 MP: 7/11
  2145 | D:5      | Entered Level 5 of the Dungeon
  2185 | D:4      | Learned a level 4 spell: Petrify
  2383 | D:5      | HP: 15/62 [orc priest/divine providence (8)]
  2387 | D:5      | Reached skill level 11 in Earth Magic
  2396 | D:5      | Found a shadowy altar of Dithmenos.
  2545 | D:5      | Found a shattered altar of Ashenzari.
  2593 | D:5      | Found a sand-covered staircase.
  2602 | Ossuary  | Entered an ossuary
  2612 | Ossuary  | Reached skill level 12 in Earth Magic
  2614 | Ossuary  | HP: 8/62 [mummy (7)]
  2688 | Ossuary  | HP: 9/62 [bog mummy (8)]
  2704 | Ossuary  | HP: 10/62 [centaur zombie (4)]
  2758 | Ossuary  | Reached skill level 13 in Earth Magic
  2845 | Ossuary  | HP: 15/62 [centaur zombie (4)]
  2871 | D:5      | HP: 15/62 [orc/+0 club (4)]
  2897 | D:5      | Learned a level 3 spell: Stone Arrow
  2906 | D:5      | Gained mutation: You passively map the area around you.
                  | [Deep Dwarf growth]
  2906 | D:5      | Reached XP level 9. HP: 17/68 MP: 1/12
  3030 | D:6      | HP: 10/68 [wight/cursed +4 trident of freezing (7)]
  3056 | D:6      | Reached skill level 3 in Spellcasting
  3145 | D:6      | Found a burning altar of Makhleb.
  3145 | D:6      | Found a shimmering altar of Xom.
  3146 | D:6      | Became a worshipper of Makhleb the Destroyer
  3248 | D:6      | HP: 15/68 [sky beast (4)]
  3249 | D:6      | Reached skill level 4 in Spellcasting
  3249 | D:6      | Reached skill level 1 in Conjurations
  3255 | D:6      | HP: 11/68 [bullfrog (4)]
  3294 | D:6      | Learned a level 5 spell: Lee's Rapid Deconstruction
  3307 | D:6      | Killed from afar by an orc priest

Skill      XL: |  1  2  3  4  5  6  7  8  9 |
---------------+----------------------------+-----
Spellcasting   | 2 4 |  4.2
Earth Magic    | 5 6 7 8 9 10 13 | 13.3
Short Blades   | 1 2 3 |  3.0
Stealth        | 3 4 6 |  6.0
Conjurations   | 1 |  1.8
Dodging        | |  2.1
Transmutations | |  0.8

Action                   |  1- 3 |  4- 6 |  7- 9 || total
-------------------------+-------+-------+-------++-------
Melee: Short sword       |    35 |    19 |   109 ||   163
 Cast: Sandblast         |    30 |    60 |   129 ||   219
       Passwall          |     8 |     6 |    13 ||    27
       Petrify           |       |       |     2 ||     2
       Stone Arrow       |       |       |     2 ||     2
 Abil: Heal Wounds       |       |       |     1 ||     1
  Use: Scroll            |       |     7 |     3 ||    10
       Potion            |       |       |     8 ||     8
 Stab: Sleeping          |     2 |     3 |     8 ||    13
       Petrified         |       |       |     8 ||     8
       Distracted        |       |       |     3 ||     3
       Invisible         |       |       |     2 ||     2
  Eat: Chunk             |       |     2 |     3 ||     5
       Ration            |       |     1 |     1 ||     2
Armor: Robe              |    14 |     1 |       ||    15
       Leather armour    |       |    13 |    25 ||    38
Dodge: Dodged            |    49 |    24 |    62 ||   135

Levels and vault maps discovered:
D:1:      evilmike_arrival_fibonacci_small, layout_basic
D:2:      layout_loops_ring, serial_forest, infiniplex_forest_end_1,
          infiniplex_forest_zigzag_1, infiniplex_forest_straight_1,
          infiniplex_forest_end_2, uniq_jessica, uniq_crazy_yiuf_cottage,
          uniq_natasha
D:3:      layout_loops_corners, uniq_ijyb
D:4:      layout_basic, tso_metal_star, first_ration, uniq_grinder
D:5:      layout_basic, lemuel_round_altar, lemuel_round_altar, enter_ossuary_4,
          minmay_misc_feat_plants, minmay_manual_mess
D:6:      layout_basic, grunt_temple_overflow_champion_of_chaos
Ossuary:  ossuary_zaba_flooded

Table legend:
 A = Turns spent in this place as a percentage of turns spent in the entire game.
 B = Non-inter-level travel turns spent in this place as a percentage of non-inter-level travel turns spent in the entire game.
 C = Inter-level travel turns spent in this place as a percentage of turns spent in this place.
 D = Turns resting spent in this place as a percentage of non-inter-level travel turns spent in this place.
 E = Turns spent auto-exploring this place as a percentage of non-inter-level travel turns spent in this place.
 F = Non-inter-level travel turns spent in this place divided by the number of levels of this place that you've seen.
                   A       B       C       D       E      F
               +-------+-------+-------+-------+-------+----------------------
         Total | 100.0 | 100.0 |   0.0 |   0.0 |   0.0 | 472.4
       Dungeon |  91.9 |  91.9 |   0.0 |   0.0 |   0.0 | 506.3
       Ossuary |   8.1 |   8.1 |   0.0 |   0.0 |   0.0 | 269.0
               +-------+-------+-------+-------+-------+----------------------

Table legend:
 A = Kills in this place as a percentage of kills in entire the game.
 B = Kills by you in this place as a percentage of kills by you in the entire game.
 C = Kills by friends in this place as a percentage of kills by friends in the entire game.
 D = Other kills in this place as a percentage of other kills in the entire game.
 E = Experience gained in this place as a percentage of experience gained in the entire game.
 F = Experience gained in this place divided by the number of levels of this place that you have seen.
                   A       B       C       D       E      F
               +-------+-------+-------+-------+-------+----------------------
         Total | 100.0 | 100.0 |   N/A |   N/A | 100.0 | 533.6
       Dungeon |  81.1 |  81.1 |   N/A |   N/A |  80.0 | 497.8
       Ossuary |  18.9 |  18.9 |   N/A |   N/A |  20.0 | 748.0
               +-------+-------+-------+-------+-------+----------------------
